 Dungeon Crawl Stone Soup version 0.16-a0-4048-g245e628 (webtiles) character file.

38 timbw the Caller (level 3, -2/14 HPs)
             Began as a Felid Summoner on Feb 19, 2015.
             Slain by a hound (4 damage)
             ... on level 3 of the Dungeon.
             The game lasted 00:02:52 (540 turns).

timbw the Caller (Felid Summoner)                    Turns: 540, Time: 00:02:53

Health: -2/14      AC:  1    Str:  4    XL:     3   Next: 25%
Magic:  0/8        EV: 18    Int: 17    God:
Gold:   71         SH:  0    Dex: 16    Spells: 3 memorised, 0 levels left
                                        Lives:  0   Deaths: 0

rFire  . . .     SeeInvis +     (weapon unavailable)
rCold  . . .     Clarity  .     (armour unavailable)
rNeg   . . .     SustAb   .     (shield unavailable)
rPois  .         Gourm    .     (helmet unavailable)
rElec  .         Spirit   .     (cloak unavailable)
rCorr  .         Warding  .     (gloves unavailable)
rMut   .         Stasis   .     (boots unavailable)
MR     .....                    (no amulet)
Stlth  +++.......               (no ring)
                                e - ring of see invisible

@: very slightly contaminated, quick, not resistant to hostile enchantments,
fairly stealthy
A: paw claws, no armour, no weapons or thrown items, fangs 3, see invisible,
carnivore 3, speed 1, shaggy fur 1, slow metabolism 1, sharp paws
a: no special abilities


You were on level 3 of the Dungeon.
You were very full.

You visited 1 branch of the dungeon, and saw 4 of its levels.

You collected 71 gold pieces.

Inventory:

Jewellery
 e - a ring of see invisible (left paw)
Scrolls
 d - a scroll of remove curse {unknown}
 h - a scroll of amnesia {unknown}
Potions
 a - a potion of might {unknown}
 f - a potion of invisibility {unknown}
 i - a potion of haste {unknown}
Books
 b - a book of Callings

   Spells                             Type                      Level
   a - Summon Small Mammal            Summoning                    1
   b - Call Imp                       Summoning                    2
   c - Call Canine Familiar           Summoning                    3
   d - Summon Guardian Golem          Hexes/Summoning              4
   e - Summon Lightning Spire         Summoning/Air                4
   f - Summon Ice Beast               Ice/Summoning                4
 g - a book of Dreams

   Spells                             Type                      Level
   a - Ensorcelled Hibernation        Hexes/Ice                    2
   b - Flight                         Charms/Air                   3
   c - Phase Shift                    Translocation                5
   d - Shadow Creatures               Summoning                    5
   e - Mass Confusion                 Hexes                        6
   f - Darkness                       Hexes                        7
Comestibles
 c - 2 meat rations


   Skills:
 - Level 2.6 Dodging
 - Level 2.6 Stealth
 - Level 2.0 Spellcasting
 + Level 5.1 Summonings


You couldn't memorise any spells.
You knew the following spells:

 Your Spells              Type           Power        Failure   Level  Hunger
a - Summon Small Mammal   Summ           ###.         2%          1    #......
b - Call Imp              Summ           ###.....     3%          2    ###....
c - Call Canine Familiar  Summ           ###.....     10%         3    ###....


Dungeon Overview and Level Annotations

Branches:
Dungeon (4/15)
 Temple: D:4-7

Altars:
Gozag


Innate Abilities, Weirdness & Mutations

You cannot wear armour.
You are incapable of wielding weapons or throwing items.
You have razor-sharp teeth.
You have supernaturally acute eyesight.
You are carnivorous and can eat meat at any time.
You cover ground quickly.
You are covered in fur (AC +1).
You have a slow metabolism.
Your paws have sharp claws that are effective at stabbing.


Message History

Your hound bites the giant frog skeleton.
The hound bites you.
Your crimson imp hits the hound.
There is a stone staircase leading up here.
The hound bites you.
* * * LOW HITPOINT WARNING * * *
Your hound bites the giant frog skeleton.
Your crimson imp hits the giant frog skeleton.
You climb upwards.
There is a stone staircase leading down here.
The hound barely misses you. The hound misses you.
There is a stone staircase leading down here.
Casting: Call Imp
Confirm with . or Enter, or press ? or * to list all spells.
You miscast Call Imp.
You are very lightly contaminated with residual magic.
Shadowy shapes form in the air around you, then vanish.
The hound bites you.
You die...

######### #.......#
#####.......# .
#...........#
....#######.###.#######
............h@..#
.....####....#####
#.......## #.......#
#.......# ###.#.###
#...# ####.# ##....#


You could see a hound.

Vanquished Creatures
  A jackal (D:3)
  2 bats
  A giant newt (D:1)
  A kobold (D:3)
5 creatures vanquished.

Vanquished Creatures (collateral kills)
  A worker ant (D:3)
  2 giant mites (D:1)
  3 orcs (D:3)
  A ball python (D:3)
  2 bats (D:3)
  A hobgoblin (D:1)
  A jackal (D:3)
  4 goblins
  A kobold (D:3)
  3 rats (D:1)
19 creatures vanquished.

Vanquished Creatures (others)
  A white imp (D:3)
  A quokka (D:3)
  A bat (D:1)
  2 rats (D:1)
5 creatures vanquished.

Grand Total: 29 creatures vanquished

Notes
Turn   | Place    | Note
--------------------------------------------------------------
     0 | D:1      | timbw, the Felid Summoner, began the quest for the Orb.
     0 | D:1      | Reached XP level 1. HP: 7/7 MP: 4/4
   193 | D:1      | Reached XP level 2. HP: 6/11 MP: 1/5
   207 | D:1      | Learned a level 2 spell: Call Imp
   305 | D:3      | Found an opulent altar of Gozag.
   471 | D:3      | Reached skill level 5 in Summonings
   471 | D:3      | Reached XP level 3. HP: 12/14 MP: 1/8
   488 | D:3      | Learned a level 3 spell: Call Canine Familiar
   540 | D:3      | Slain by a hound

Action                   || total
-------------------------++-------
Melee: Unarmed           ||    17
 Cast: Summon Small Mamm ||    15
       Call Imp          ||     9
       Call Canine Famil ||     1
 Stab: Sleeping          ||     1
  Eat: Chunk             ||     6
